 Dungeon Crawl Stone Soup version 0.21.1-1-g345015f (webtiles) character file.

899 Shillings the Quickloader (level 8, -2/48 HPs)
             Began as a Kobold Hunter on Apr 17, 2018.
             Was an Initiate of Okawaru.
             Slain by a bullfrog zombie (5 damage)
             ... on level 7 of the Dungeon on Apr 19, 2018.
             The game lasted 00:22:08 (5752 turns).

Shillings the Quickloader (Kobold Hunter)           Turns: 5752, Time: 00:22:08

Health: -2/48      AC:  7    Str:  9    XL:     8   Next: 28%
Magic:  8/8        EV: 15    Int: 14    God:    Okawaru [......]
Gold:   234        SH:  0    Dex: 22    Spells: 7/7 levels left

rFire    . . .     SeeInvis +   y - +1 mace of Insomnia {crush, rElec Int+2 Dex+4 SInv} (curse)
rCold    . . .     Gourm    .   (shield restricted)
rNeg     . . .     Faith    .   k - +2 leather armour {rPois}
rPois    +         Spirit   .   g - +0 helmet
rElec    +         Reflect  .   j - +0 cloak
rCorr    .         Harm     .   (no gloves)
MR       .....                  (no boots)
Stlth    +++.......             (no amulet)
HPRegen  0.16/turn              l - ring of stealth
MPRegen  0.11/turn              (no ring)

@: no status effects
A: small, carnivore
a: Renounce Religion


You were on level 7 of the Dungeon.
You worshipped Okawaru.
Okawaru was noncommittal.
You were not hungry.

You visited 2 branches of the dungeon, and saw 9 of its levels.

You collected 234 gold pieces.

Inventory:

Hand Weapons
 a - a +2 hand crossbow
 v - a +2 scimitar of electrocution
 y - the cursed +1 mace of Insomnia (weapon) {crush, rElec Int+2 Dex+4 SInv}
   (You found it on level 4 of the Dungeon)

   It inflicts extra damage upon your enemies.
   It affects your intelligence (+2).
   It affects your dexterity (+4).
   It insulates you from electricity.
   It lets you see invisible.
   It has a curse placed upon it.
Missiles
 d - 52 bolts
Armour
 g - a +0 helmet (worn)
 h - a +0 pair of boots
 j - a +0 cloak (worn)
 k - a +2 leather armour of poison resistance (worn)
 m - a +0 scale mail
 p - a +0 chain mail
Jewellery
 l - a ring of stealth (left hand)
 n - an uncursed amulet of guardian spirit {unknown}
 u - an uncursed ring of poison resistance {unknown}
Wands
 o - a wand of iceblast (15)
 A - a wand of flame (29)
Scrolls
 e - a scroll of vulnerability
 q - 2 scrolls of enchant armour {unknown}
 t - a scroll of fear
 w - a scroll of amnesia
 x - a scroll of fog
Potions
 b - a potion of haste
 i - a potion of resistance {unknown}
 s - 3 potions of curing {unknown}
 z - a potion of flight {unknown}
Comestibles
 f - 7 rations


   Skills:
 - Level 4.1 Fighting
   Level 2.3 Short Blades
   Level 0.2(1.3) Axes
 + Level 2.3(2.4) Maces & Flails
 - Level 10.0 Crossbows
 - Level 0.4 Armour
 - Level 2.5 Dodging
 - Level 1.4 Stealth


You had 7 spell levels left.
You didn't know any spells.

Dungeon Overview and Level Annotations

Branches:
Dungeon (8/15)             Temple (1/1) D:6
   Lair: D:8-11

Altars:
Ashenzari
Cheibriados
Dithmenos
Elyvilon
Gozag
Hepliaklqana
Kikubaaqudgha
Makhleb
Nemelex Xobeh
Okawaru
Ru
Sif Muna
Uskayaw
Vehumet
Wu Jian
Xom
Zin
The Shining One

Annotations:
D:4 soepske's ghost, novice HOFi
D:5 1 runed door
D:8 salinator123's ghost, novice MiBe


Innate Abilities, Weirdness & Mutations

You are small and have problems with some larger weapons.
You are carnivorous and can eat meat at any time.


Message History

It was a potion of haste.
You feel yourself speed up. The bullfrog zombie closely misses you.
The centaur barely misses you. The adder bites you but does no damage.
The bullfrog zombie misses you.
You hit the centaur.
The centaur is heavily wounded.
The centaur hits you with an uncursed short sword.
* * * LOW HITPOINT WARNING * * *
The adder completely misses you. The bullfrog zombie barely misses you.
The centaur misses you. The adder barely misses you.
You sock the centaur!
The centaur is almost dead.
The centaur closely misses you. The bullfrog zombie barely misses you.
The adder bites you.
* * * LOW HITPOINT WARNING * * *
It was a potion of cancellation.
Your magical effects are unravelling.
You feel magically purged.
You feel yourself slow down. The centaur barely misses you.
The bullfrog zombie hits you.
You die...

#.# ..###
#...#.#...# #
###.# ....# .#
#.###...###.#
#...........#
#..........#
#.(.......#
.#..Z########
#(.S@c......#..#
#>..#######.#..#
##### .oZ. #<.#
###co# ....#
#.o# #### #.%#
#.. #..# #.#


You could see a centaur, an adder and a bullfrog zombie.

Vanquished Creatures
  A sky beast (D:6)
  The ghost of quickben the Stinger, an amateur GrVM of Uskayaw (D:3)
  2 bullfrogs
  A scorpion (D:4)
  A centaur zombie (D:5)
  A hound (D:4)
  An orc priest (D:2)
  2 iguanas (D:4)
  5 worker ants
  A killer bee zombie (D:7)
  2 hound skeletons (D:4)
  5 gnolls
  10 adders
  2 shadow imps (D:5)
  An ooze (D:1)
  An adder skeleton (D:8)
  2 adder zombies
  3 worms
  2 leopard geckos (D:5)
  7 orcs
  7 giant cockroaches
  4 hobgoblins
  4 jackals
  7 kobolds
  4 quokkas
  A ball python (D:4)
  A ball python skeleton (D:4)
  6 bats
  8 frilled lizards
  6 goblins
  A jackal skeleton (D:4)
  A jackal zombie (D:6)
  2 rats
103 creatures vanquished.

Notes
Turn   | Place    | Note
-------+----------+-------------------------------------------
     0 | D:1      | Shillings the Kobold Hunter began the quest for the Orb.
     0 | D:1      | Reached XP level 1. HP: 12/12 MP: 1/1
   106 | D:1      | Reached skill level 5 in Crossbows
   208 | D:1      | Reached XP level 2. HP: 17/17 MP: 2/2
   539 | D:1      | Reached skill level 1 in Short Blades
   800 | D:2      | Reached XP level 3. HP: 17/21 MP: 3/3
  1173 | D:2      | Reached XP level 4. HP: 26/26 MP: 4/4
  1645 | D:2      | Reached skill level 6 in Crossbows
  1716 | D:2      | Reached XP level 5. HP: 30/30 MP: 5/5
  2548 | D:3      | Reached skill level 7 in Crossbows
  2843 | D:4      | Reached XP level 6. HP: 22/35 MP: 6/6
  2846 | D:4      | Found a glowing drain.
  2865 | D:4      | Noticed soepske's ghost (novice HOFi)
  3117 | D:3      | Noticed quickben's ghost (amateur GrVM)
  3118 | D:3      | Found a faded altar of an unknown god.
  3139 | D:3      | Killed quickben's ghost
  3139 | D:3      | Reached skill level 8 in Crossbows
  3400 | D:4      | Reached XP level 7. HP: 40/40 MP: 7/7
  3433 | D:4      | Reached skill level 9 in Crossbows
  3507 | D:5      | Entered Level 5 of the Dungeon
  3877 | D:4      | Got a translucent mace
  3924 | D:4      | Identified the cursed +1 mace of Insomnia {crush, rElec Int+2 Dex+4 SInv} (You found it on level 4 of the Dungeon)
  4133 | D:5      | Found a white marble altar of Elyvilon.
  4133 | D:5      | Noticed an angel
  4134 | D:5      | Found a runed door.
  4166 | D:5      | Found a burning altar of Makhleb.
  4174 | D:5      | Reached skill level 10 in Crossbows
  4766 | D:6      | Found a staircase to the Ecumenical Temple.
  4775 | Temple   | Entered the Ecumenical Temple
  4864 | Temple   | Became a worshipper of Warmaster Okawaru
  4969 | D:6      | Reached XP level 8. HP: 30/48 MP: 8/8
  5376 | D:7      | Reached skill level 1 in Maces & Flails
  5395 | D:7      | Found a white marble altar of Elyvilon.
  5584 | D:8      | Noticed salinator123's ghost (novice MiBe)
  5598 | D:8      | Noticed a hippogriff
  5752 | D:7      | Slain by a bullfrog zombie

Skill      XL: |  1  2  3  4  5  6  7  8 |
---------------+-------------------------+-----
Crossbows      | 5 6 7 8 10 | 10.0
Short Blades   | 2 |  2.3
Fighting       | 3 4 |  4.1
Maces & Flails | 2 |  2.3
Axes           | |  0.2
Armour         | |  0.4
Dodging        | |  2.5
Stealth        | |  1.4

Action                   |  1- 3 |  4- 6 |  7- 9 || total
-------------------------+-------+-------+-------++-------
Melee: Hand axe          |    26 |    33 |     8 ||    67
       Dagger            |    63 |    70 |    12 ||   145
       Mace              |       |       |   137 ||   137
       Long sword        |       |       |     4 ||     4
 Fire: Hand crossbow     |    20 |    75 |    40 ||   135
  Use: Scroll            |     2 |     6 |    11 ||    19
       Potion            |     1 |     2 |     3 ||     6
 Stab: Sleeping          |     1 |     6 |     7 ||    14
       Distracted        |       |       |     1 ||     1
  Eat: Chunk             |     5 |       |     7 ||    12
       Ration            |       |     3 |       ||     3
Armor: Leather armour    |    27 |    41 |    67 ||   135
Dodge: Dodged            |    70 |    98 |   223 ||   391
       Rpst.: Long sword |       |       |     1 ||     1
